 Dungeon Sprint DCSS version 0.32-a0-450-g080537f31e (webtiles) character file.

Game seed: 6430157432762055519

767 adelrune the Cleaver (level 7, 0/70 HPs)
             Began as a Minotaur Fighter on Feb 23, 2024.
             Was an Initiate of Qazlal.
             Slain by a troll (2 damage)
             ... in the Dungeon (Sprint IX: "|||||||||||||||||||||||||||||").
             The game lasted 00:01:54 (294 turns).

adelrune the Cleaver (Minotaur Fighter)              Turns: 294, Time: 00:01:54

Health: 0/70       AC: 13    Str: 22    XL:     7   Next: 52%
Magic:  6/6        EV: 11    Int:  8    God:    Qazlal [......]
Gold:   0          SH:  6    Dex: 13    Spells: 6/6 levels left

rFire   . . .        n - +1 broad axe (heavy)
rCold   . . .        c - +0 buckler
rNeg    . . .        p - +1 chain mail
rPois   .            (helmet restricted)
rElec   .            (no cloak)
rCorr   .            (no gloves)
SInv    .            o - +0 pair of boots
Will    .....        (no amulet) Stlth
                     q - +3 ring of dexterity
HPRegen 0.31/turn    r - +3 ring of intelligence
MPRegen 0.10/turn

%: no teleportation
@: no status effects
A: horns 2, retaliatory headbutt
a: Renounce Religion


You were in the Dungeon.
You worshipped Qazlal.
Qazlal was noncommittal.
You visited 1 branch

Inventory:

Hand Weapons
 a - a +0 war axe
 e - a +0 flail
 n - a +1 heavy broad axe (weapon)
Armour
 b - a +0 scale mail
 c - a +0 buckler (worn)
 o - a +0 pair of boots (worn)
 p - a +1 chain mail (worn)
Jewellery
 q - a +3 ring of dexterity (left hand)
 r - a +3 ring of intelligence (right hand)
Wands
 m - a wand of light (10)
Scrolls
 j - 2 scrolls of blinking
 l - 2 scrolls of amnesia
Potions
 d - a potion of might
 f - a potion of invisibility
 g - a potion of haste
 h - 4 potions of magic
 i - a potion of heal wounds
 k - 4 potions of curing


   Skills:
 + Level 9.0 Fighting
 * Level 11.8 Axes
 + Level 9.0 Armour
 + Level 7.2 Dodging
 + Level 8.8 Shields


You had 6 spell levels left.
You didn't know any spells.
Your spell library was empty.

Dungeon Overview and Level Annotations

Branches:
Dungeon (1/1)

Altars:
Cheibriados
Dithmenos
Elyvilon
Fedhas
Gozag
Hepliaklqana
Kikubaaqudgha
Makhleb
Nemelex Xobeh
Okawaru
Qazlal
Ru
Sif Muna
Trog
Uskayaw
Vehumet
Wu Jian
Xom
Yredelemnul
Zin
The Shining One
Beogh
Jiyva
Lugonu


Innate Abilities, Weirdness & Mutations

You have a pair of horns on your head.
You reflexively headbutt those who attack you in melee.


Message History

You have reached level 6!
You have reached level 7!
The centaur unwields a +0 shortbow.
You block the centaur's attack. The centaur barely misses you.
Things that are here:
a +0 giant club; a +0 giant club You hit the centaur.
The centaur is lightly wounded.
The centaur closely misses you. You furiously retaliate!
You headbutt the centaur! You block the centaur's attack. x2
The centaur kicks you. The centaur barely misses you. The centaur kicks you.
You slice the centaur!!
You kill the centaur!
Qazlal accepts your kill.
Your Fighting skill increases to level 9!
Your Armour skill increases to level 9!
Your Dodging skill increases to level 7!
You slice the troll!!
The troll is heavily wounded.
The orc priest invokes the aid of Beogh against you.
Beogh smites you! You block the troll's attack. The troll barely misses you. x2
The troll bites you.
The troll claws you but does no damage. x2
You barely miss the troll.
The troll is heavily wounded.
The orc priest begins to cast a cantrip, but forgets the words!
The troll bites you but does no damage. The troll claws you.
The troll claws you but does no damage.
You barely miss the troll. You headbutt the troll.
The troll is heavily wounded.
The troll bites you!
* * * LOW HITPOINT WARNING * * *
You block the troll's attack. x2; The troll bites you!
* * * LOW HITPOINT WARNING * * *
The troll claws you.
* * * LOW HITPOINT WARNING * * *
The troll claws you but does no damage.
You closely miss the troll.
The troll is heavily wounded.
You block the troll's attack. The troll claws you.
You die...

▓)▓
▓.▓
▓[▓
▓.▓
▓.▓
▓.▓
▓.▓
▓'▓
▓@▓
▓T▓
▓o▓
▓.▓
▓c▓
▓.▓
▓+▓


You could see a troll, a centaur and an orc priest.

Vanquished Creatures
  A two-headed ogre (D)
  A centaur (D)
  A bombardier beetle (D)
  A jelly (D)
  An iguana (D)
  A gnoll (D)
  An adder (D)
  An endoplasm (D)
  A goblin (D)
  3 rats (D)
12 creatures vanquished.

Notes
Turn   | Place    | Note
-------+----------+-------------------------------------------
     0 | D        | adelrune the Minotaur Fighter began the quest for the Orb.
     0 | D        | Reached XP level 1. HP: 19/19 MP: 0/0
     9 | D        | Reached skill level 3 in Axes
    10 | D        | Reached skill level 1 in Dodging
    36 | D        | Noticed a bombardier beetle
    36 | D        | Noticed an iguana
    36 | D        | Noticed a jelly
    40 | D        | Reached skill level 4 in Axes
    40 | D        | Reached XP level 2. HP: 11/28 MP: 1/1
    51 | D        | Killed a bombardier beetle
    52 | D        | Reached skill level 5 in Fighting
    52 | D        | Reached skill level 5 in Axes
    52 | D        | Reached skill level 5 in Armour
    52 | D        | Reached skill level 5 in Shields
    52 | D        | Reached XP level 3. HP: 12/36 MP: 2/2
    57 | D        | Reached skill level 6 in Axes
    57 | D        | Reached XP level 4. HP: 16/42 MP: 3/3
    60 | D        | HP: 1/42 [acid (5)]
   217 | D        | Found a roughly hewn altar of Beogh.
   217 | D        | Found a snail-covered altar of Cheibriados.
   217 | D        | Found a shadowy altar of Dithmenos.
   217 | D        | Found a white marble altar of Elyvilon.
   217 | D        | Found a blossoming altar of Fedhas.
   217 | D        | Found an opulent altar of Gozag.
   218 | D        | Found a hazy altar of Hepliaklqana.
   219 | D        | Found a viscous altar of Jiyva.
   220 | D        | Found an ancient bone altar of Kikubaaqudgha.
   221 | D        | Found a corrupted altar of Lugonu.
   222 | D        | Found a burning altar of Makhleb.
   223 | D        | Found a sparkling altar of Nemelex Xobeh.
   224 | D        | Found an iron altar of Okawaru.
   225 | D        | Found a stormy altar of Qazlal.
   226 | D        | Found a sacrificial altar of Ru.
   227 | D        | Found a shimmering blue altar of Sif Muna.
   228 | D        | Found a bloodstained altar of Trog.
   229 | D        | Found a hide-covered altar of Uskayaw.
   230 | D        | Found a radiant altar of Vehumet.
   231 | D        | Found an ornate altar of the Wu Jian Council.
   232 | D        | Found a shimmering altar of Xom.
   233 | D        | Became a worshipper of Qazlal Stormbringer
   234 | D        | Found a basalt altar of Yredelemnul.
   235 | D        | Found a glowing silver altar of Zin.
   236 | D        | Found a glowing golden altar of the Shining One.
   281 | D        | Noticed a centaur
   281 | D        | Noticed a two-headed ogre
   281 | D        | Noticed a troll
   281 | D        | Noticed a centaur
   287 | D        | Killed a two-headed ogre
   288 | D        | Reached skill level 11 in Axes
   288 | D        | Reached XP level 5. HP: 34/56 MP: 4/4
   288 | D        | Reached XP level 6. HP: 37/62 MP: 5/5
   288 | D        | Reached XP level 7. HP: 42/69 MP: 6/6
   293 | D        | HP: 3/70 [troll (13)]
   294 | D        | Slain by a troll

Illustrated notes

Levels and vault maps discovered:
D:        linesprint [early_d, line_temple, items_1, d_10, items_2, lair_1,
          lair_end, items_3, orc_1, orc_end, items_4, d_15, swamp_1, shoals_1,
          snake_1, spider_1, d_20, vaults_1, items_5, swamp_end, shoals_end,
          snake_end, spider_end, vaults_end, d_27, items_6, zot_1, zot_end,
          crypt_end, forest_end, elf_end, slime_end, tomb_end, abyss_end,
          pan_hell_end]

Skill      XL: |  1  2  3  4  5  6  7 |
---------------+----------------------+-----
Axes           | 4 5 6 11 | 11.8
Dodging        | 1 2 3 6 7 |  7.2
Fighting       | 4 5 8 9 |  9.0
Armour         | 4 5 8 9 |  9.0
Shields        | 4 5 8 |  8.8

Action                     |  1- 3 |  4- 6 |  7- 9 || total
---------------------------+-------+-------+-------++-------
  Melee: War axe           |    23 |     7 |       ||    30
         Headbutt          |     2 |     1 |     1 ||     4
         Broad axe         |       |     4 |     6 ||    10
    Use: Potion            |     1 |     3 |       ||     4
 Armour: Scale mail        |     7 |     3 |       ||    10
         Chain mail        |       |     8 |    13 ||    21
  Dodge: Dodged            |     4 |     6 |     5 ||    15
  Block: Buckler           |     7 |     6 |     7 ||    20

Table legend: (Time is in decaauts)
 A = Elapsed time spent in this place.
 B = Non-inter-level travel time spent in this place.
 C = Inter-level travel time spent in this place.
 D = Time resting spent in this place.
 E = Time spent auto-exploring this place.
 F = Levels seen in this place.
 G = Mean time per level.
                   A        B        C        D        E       F      G
               +--------+--------+--------+--------+--------+-----+--------+
         Total |    317 |    317 |      0 |    172 |      9 |   1 |  317.0 |
       Dungeon |    317 |    317 |      0 |    172 |      9 |   1 |  317.0 |
               +--------+--------+--------+--------+--------+-----+--------+

Top non-repeatable levels by time:
       D: 317 daAuts
